 Dungeon Crawl Stone Soup version 0.27-a0-1101-ge311f74bc8 (webtiles) character file.

Game seed: 5844665521187936499

110 1player the Sneak (level 4, -1/28 HPs)
             Began as a Gargoyle Earth Elementalist on Apr 28, 2021.
             Slain by a killer bee (3 damage)
             ... on level 3 of the Dungeon.
             The game lasted 00:07:10 (3197 turns).

1player the Sneak (Gargoyle Earth Elementalist)     Turns: 3197, Time: 00:07:10

Health: -1/28      AC:  9    Str: 18    XL:     4   Next: 91%
Magic:  4/7        EV: 10    Int: 16    God:
Gold:   136        SH:  0    Dex: 10    Spells: 4/7 levels left

rFire    . . .     SeeInvis .   a - +2 dagger (elec)
rCold    . . .     Faith    .   (no shield)
rNeg     + . .     Spirit   .   r - +0 ring mail
rPois    ∞         Reflect  .   j - +0 helmet
rElec    +         Harm     .   p - scarf {shadows}
rCorr    .         Rampage  .   (no gloves)
Will     .....                  (no boots)
Stlth    ++........             (no amulet)
HPRegen  0.09/turn              u - +6 ring of strength
MPRegen  0.10/turn              (no ring)

@: no status effects
A: AC +3, negative energy resistance 1, electricity resistance, torment
resistance 1, unbreathing 1, petrification resistance
a: no special abilities


You were on level 3 of the Dungeon.
You visited 1 branch of the dungeon, and saw 3 of its levels.

You collected 136 gold pieces.

Inventory:

Hand Weapons
 a - a +2 dagger of electrocution (weapon)
Missiles
 b - 54 stones
Armour
 c - a +0 robe
 j - a +0 helmet (worn)
 p - a scarf of shadows (worn)
 r - a +0 ring mail (worn)
Jewellery
 u - a +6 ring of strength (left hand)
Wands
 k - a wand of paralysis (8)
Scrolls
 f - 3 scrolls of teleportation
 g - a scroll of silence {unknown}
 l - a scroll of fear {unknown}
 n - 2 scrolls of identify {unknown}
 o - a scroll of fog {unknown}
 s - 2 scrolls of enchant armour {unknown}
 t - a scroll of immolation {unknown}
Potions
 d - a potion of haste {unknown}
 e - a potion of curing {unknown}
 i - a potion of ambrosia {unknown}
 q - a potion of might {unknown}


   Skills:
 + Level 3.4 Fighting
 - Level 1.5 Dodging
 - Level 4.0 Stealth
 - Level 2.0 Spellcasting
 - Level 0.7 Transmutations
 + Level 3.9 Earth Magic


You had 4 spell levels left.
You knew the following spells:

 Your Spells              Type           Power      Damage    Failure   Level
a - Passwall              Tmut/Erth      7%         N/A       22%         2
q - Sandblast             Erth           28%        2d8       8%          1

Your spell library contained the following spells:

 Spells                   Type           Power      Damage    Failure   Level
 Stone Arrow              Conj/Erth      14%        3d7       45%         3
 Petrify                  Tmut/Erth      9%         N/A       80%         4
 Lee's Rapid Deconstruct  Erth           7%         3d7*      90%         5


Dungeon Overview and Level Annotations

Branches:
Dungeon (3/15)

Altars:
Uskayaw

Annotations:
D:3 1 runed translucent door, Crazy Yiuf


Innate Abilities, Weirdness & Mutations

Your stone body is resilient. (AC +3)
You are immune to poison.
You resist negative energy. (rN+)
You are resistant to electric shocks. (rElec)
You are resistant to unholy torment.
You can survive without breathing.
You are immune to petrification.


Message History

Nothing appears to happen.
The killer bee barely misses you. x2
Casting: Sandblast (safe; 8% risk of failure)
Confirm with . or Enter, or press ? or * to list all spells.
Aiming: Sandblast (safe; 8% risk of failure)
Press: ? - help, Shift-Dir - straight line, f/p - killer bee
Aim: a killer bee (58% to hit)
The blast of sand hits the killer bee but does no damage.
The killer bee stings you but does no damage.
The killer bee stings you.
Casting: Sandblast (safe; 8% risk of failure)
Confirm with . or Enter, or press ? or * to list all spells.
Aiming: Sandblast (safe; 8% risk of failure)
Press: ? - help, Shift-Dir - straight line, f/p - killer bee
Aim: a killer bee (58% to hit)
The blast of sand hits the killer bee.
The killer bee is lightly wounded.
The killer bee barely misses you. x2
Casting: Sandblast (safe; 8% risk of failure)
Confirm with . or Enter, or press ? or * to list all spells.
Aiming: Sandblast (safe; 8% risk of failure)
Press: ? - help, Shift-Dir - straight line, f/p - killer bee
Aim: a killer bee (lightly wounded, 58% to hit)
The blast of sand hits the killer bee!
The killer bee is heavily wounded.
The killer bee stings you. x2
* * * LOW HITPOINT WARNING * * *
Okay, then.
The killer bee barely misses you. The killer bee closely misses you.
Sorry, you're not good enough to have a special ability.
Unknown command.
The killer bee stings you but does no damage.
Your magical contamination has completely faded away.
The killer bee barely misses you. The killer bee stings you.
* * * LOW HITPOINT WARNING * * *
The killer bee stings you.
* * * LOW HITPOINT WARNING * * *
The killer bee stings you but does no damage. x2
The killer bee stings you.
You die...

#### #.# #.### .#
..<# #.# #...##..#
##.# #.# ###.....##
#.####.###........#
#..........#.###..#
######............#
####..#....#.#
#..#.##.#.#
#..#.##@#.#
#..#.##y#.#
#.....(y..#####
#.##..........#
####.#####.# #.#
#.# #.# #.# #w# #.#
#.# #.#


You could see 2 killer bees.

Vanquished Creatures
  4 adders
  A dart slug (D:3)
  7 ball pythons
  6 bats
  7 endoplasms
  2 giant cockroaches
  5 goblins
  7 hobgoblins
  9 jackals
  4 kobolds
  2 quokkas
  5 frilled lizards
  4 rats
63 creatures vanquished.

Vanquished Creatures (others)
  A fungus (D:2)
  7 plants (D:2)
8 creatures vanquished.

Grand Total: 71 creatures vanquished

Notes
Turn   | Place    | Note
-------+----------+-------------------------------------------
     0 | D:1      | 1player the Gargoyle Earth Elementalist began the quest for
                  | the Orb.
     0 | D:1      | Reached XP level 1. HP: 10/10 MP: 3/3
   186 | D:1      | Reached skill level 1 in Fighting
   202 | D:1      | Reached XP level 2. HP: 16/16 MP: 0/5
   592 | D:1      | Reached skill level 3 in Stealth
   936 | D:1      | Reached XP level 3. HP: 21/21 MP: 3/6
  2036 | D:2      | Reached XP level 4. HP: 25/27 MP: 7/7
  2173 | D:2      | Found a faded altar of an unknown god.
  2469 | D:2      | Reached skill level 4 in Stealth
  2612 | D:3      | Learned a level 2 spell: Passwall
  2799 | D:3      | Found a runed translucent door.
  2800 | D:3      | Noticed Crazy Yiuf
  2926 | D:3      | Found a hide-covered altar of Uskayaw.
  3197 | D:3      | Slain by a killer bee

Illustrated notes

Levels and vault maps discovered:
D:1:      lightli_molten_gateway, layout_loops_cross
D:2:      layout_loops_ring, shapermc_ecumenical_altar_hornbeckon
D:3:      layout_loops_ring, lemuel_doored_altar, chequers_arboretum,
          kennysheep_generic_room_11, uniq_crazy_yiuf_cottage

Skill      XL: |  1  2  3  4 |
---------------+-------------+-----
Fighting       | 1 2 3 |  3.4
Stealth        | 3 4 |  4.0
Dodging        | |  1.5
Spellcasting   | |  2.0
Transmutations | |  0.7
Earth Magic    | |  3.9

Action                   |  1- 3 |  4- 6 || total
-------------------------+-------+-------++-------
Melee: Dagger            |   134 |    57 ||   191
 Cast: Sandblast         |    34 |     6 ||    40
  Use: Scroll            |       |     1 ||     1
 Stab: Sleeping          |     1 |     5 ||     6
Armor: Robe              |    69 |     7 ||    76
       Ring mail         |       |    19 ||    19
Dodge: Dodged            |   111 |    34 ||   145

Table legend: (Time is in decaauts)
 A = Elapsed time spent in this place.
 B = Non-inter-level travel time spent in this place.
 C = Inter-level travel time spent in this place.
 D = Time resting spent in this place.
 E = Time spent auto-exploring this place.
 F = Levels seen in this place.
 G = Mean time per level.
                   A        B        C        D        E       F      G
               +--------+--------+--------+--------+--------+-----+--------+
         Total |   3202 |   3087 |    115 |    940 |   1355 |   3 | 1067.3 |
       Dungeon |   3202 |   3087 |    115 |    940 |   1355 |   3 | 1067.3 |
               +--------+--------+--------+--------+--------+-----+--------+

Top non-repeatable levels by time:
     D:1: 1470 daAuts
     D:2: 1107 daAuts
     D:3: 624 daAuts
